 Dungeon Crawl Stone Soup version 0.21.1-1-g345015f (webtiles) character file.

4760 Monsterracer the Thaumaturge (level 10, 0/74 HPs)
             Began as a Gnoll Wizard on Feb 12, 2018.
             Was a Priest of Sif Muna.
             Slain by a gargoyle
             ... wielding a +0 mace
              (13 damage)
             ... on level 8 of the Dungeon.
             The game lasted 00:17:04 (11413 turns).

Monsterracer the Thaumaturge (Gnoll Wizard)        Turns: 11413, Time: 00:17:05

Health: 0/74       AC:  9    Str: 16    XL:     10   Next: 46%
Magic:  22/23      EV: 16    Int: 23    God:    Sif Muna [***...]
Gold:   300        SH:  0    Dex: 22    Spells: 9/27 levels left

rFire    . . .     SeeInvis .   a - +11 flail of Resourcefulness {venom, Dex+4}
rCold    + . .     Gourm    .   (no shield)
rNeg     . . .     Faith    .   m - +1 ring mail {rC+}
rPois    +         Spirit   .   h - +0 hat
rElec    .         Reflect  .   C - +1 cloak {+Inv}
rCorr    .         Harm     .   (no gloves)
MR       .....                  (no boots)
Stlth    +++.......             G - amulet of regeneration
HPRegen  0.62/turn              E - ring of poison resistance {!d}
MPRegen  0.18/turn              F - +5 ring of dexterity

@: mighty
A: distributed training, fangs 1, strong nose
a: Divine Energy, Channel Magic, Renounce Religion, Evoke Invisibility


You were on level 8 of the Dungeon.
You worshipped Sif Muna.
Sif Muna was most pleased with you.
You were not hungry.

You visited 2 branches of the dungeon, and saw 9 of its levels.
You also visited: Sewer.

You collected 481 gold pieces.
You spent 181 gold pieces at shops.

Inventory:

Hand Weapons
 a - the +11 flail of Resourcefulness (weapon) {venom, Dex+4}
   (You found it on level 5 of the Dungeon)

   It poisons the flesh of those it strikes.
   It affects your dexterity (+4).
 b - a +2 hunting sling of velocity
 w - a +1 blowgun
Missiles
 y - 95 poisoned needles
 D - 93 sling bullets
Armour
 h - a +0 hat (worn)
 m - a +1 ring mail of cold resistance (worn)
 C - a +1 cloak of invisibility (worn)
Magical Staves
 I - an uncursed staff of air
Jewellery
 q - an uncursed ring of protection from cold {!d}
 x - an uncursed amulet of rage
 E - a ring of poison resistance (left hand) {!d}
 F - a +5 ring of dexterity (right hand)
 G - an amulet of regeneration (around neck)
 K - an uncursed ring of protection from magic {!d}
Wands
 r - a wand of flame (58)
 z - a wand of polymorph (10)
 B - a wand of digging (33)
 J - a wand of acid (4)
Scrolls
 d - a scroll of magic mapping {!r}
 f - a scroll of blinking
 j - 6 scrolls of remove curse
 s - 6 scrolls of teleportation
Potions
 e - 7 potions of curing
 g - a potion of magic {unknown}
 i - 2 potions of brilliance {unknown}
 k - 5 potions of heal wounds
 l - 4 potions of lignification
 n - 5 potions of flight
 o - 2 potions of agility {unknown}
 p - 2 potions of ambrosia {unknown}
 t - 2 potions of invisibility {unknown}
 u - 2 potions of might
 v - a potion of resistance {unknown}
 A - 2 potions of mutation {!q}
 H - 2 potions of haste {unknown}
Comestibles
 c - 20 rations


   Skills:
 + Level 5.2 Fighting
 + Level 5.2 Short Blades
 + Level 5.2 Long Blades
 + Level 5.2 Axes
 + Level 5.2 Maces & Flails
 + Level 5.2 Polearms
 + Level 5.2 Staves
 + Level 5.2 Slings
 + Level 5.2 Bows
 + Level 5.2 Crossbows
 + Level 5.2 Throwing
 + Level 5.2 Armour
 + Level 7.0 Dodging
 + Level 6.7 Stealth
 + Level 5.2 Shields
 + Level 5.2 Unarmed Combat
 + Level 9.0 Spellcasting
 + Level 4.8 Conjurations
 + Level 4.3 Hexes
 + Level 4.3 Charms
 + Level 4.8 Summonings
 + Level 4.3 Necromancy
 + Level 4.8 Translocations
 + Level 4.3 Transmutations
 + Level 4.3 Fire Magic
 + Level 4.3 Ice Magic
 + Level 4.3 Air Magic
 + Level 4.3 Earth Magic
 + Level 4.3 Poison Magic
 + Level 5.7 Invocations
 + Level 5.2 Evocations


You had 9 spell levels left.
You knew the following spells:

 Your Spells              Type           Power        Failure   Level  Hunger
a - Magic Dart            Conj           ####         1%          1    None
b - Conjure Flame         Conj/Fire      ####....     4%          3    None
c - Mephitic Cloud        Conj/Pois/Air  ####....     5%          3    None
d - Portal Projectile     Hex/Tloc       ####..       4%          3    None
e - Blink                 Tloc           N/A          2%          2    None
f - Sticks to Snakes      Tmut           ####....     2%          2    None
w - Cause Fear            Hex            ####......   19%         4    ##.....


Dungeon Overview and Level Annotations

Branches:
Dungeon (8/15)             Temple (1/1) D:4
   Lair: D:8-11

Altars:
Ashenzari
Cheibriados
Dithmenos
Elyvilon
Fedhas
Gozag
Hepliaklqana
Kikubaaqudgha
Makhleb
Nemelex Xobeh
Okawaru
Qazlal
Ru
Sif Muna
Trog
Uskayaw
Vehumet
Wu Jian
Xom
Yredelemnul
Zin
The Shining One

Shops:
D:5 [   D:8 %


Innate Abilities, Weirdness & Mutations

Your experience applies equally to all skills.
You have very sharp teeth.
Your uncanny sense of smell can sniff out nearby items.


Message History

Your life force feels restored.
Your Dodging skill increases to level 7!
J - a wand of acid (4)
You see here a mace.
Health restored: 74
There is an open door, spattered with blood here.
There is an open door here.
B - a wand of digging (33) (gained 13 charges)
There is an open door here.
There is an open door here.
You open the door. You open the door. You open the door.
Done exploring.
Done exploring.
Sorry, I don't know how to traverse that place.
The gargoyle is too close now for your liking.
No target in view!
No target in view!
Things that are here:
a hand axe; a leather armour The gargoyle hurls a stone arrow at you.
The stone arrow hits you!
You take 18 damage, and have 56/74 hp.
MASSIVE DAMAGE!!
You hit the gargoyle but do no damage. The gargoyle misses you.
You hit the gargoyle but do no damage.
The gargoyle hits you with a mace of protection!
You take 15 damage, and have 42/74 hp.
MASSIVE DAMAGE!!
You barely miss the gargoyle. The gargoyle misses you.
You hit the gargoyle.
The gargoyle is lightly damaged.
The gargoyle hits you but does no damage.
You hit the gargoyle.
You bite the gargoyle, but do no damage.
The gargoyle is heavily damaged.
The gargoyle hits you with a mace of protection!
* * * LOW HITPOINT WARNING * * *
You take 11 damage, and have 32/74 hp.
You hit the gargoyle but do no damage.
The gargoyle is moderately damaged.
The gargoyle hurls a stone arrow at you.
The stone arrow hits you!
* * * LOW HITPOINT WARNING * * *
You take 18 damage, and have 14/74 hp.
MASSIVE DAMAGE!!
You hit the gargoyle but do no damage.
The gargoyle is moderately damaged.
The gargoyle barely misses you.
You hit the gargoyle but do no damage.
You punch the gargoyle, but do no damage.
The gargoyle is moderately damaged.
The gargoyle misses you.
You barely miss the gargoyle.
The gargoyle is moderately damaged.
The gargoyle hurls a stone arrow at you.
The stone arrow hits you!
Okay, then.
You hit the gargoyle.
The gargoyle is heavily damaged.
The gargoyle hurls a stone arrow at you.
The stone arrow misses you.
You hit the gargoyle but do no damage.
The gargoyle is heavily damaged.
The gargoyle hits you with a mace of protection.
* * * LOW HITPOINT WARNING * * *
You take 3 damage, and have 14/74 hp.
You hit the gargoyle but do no damage. You bite the gargoyle.
The gargoyle is heavily damaged.
The gargoyle hits you with a mace of protection!
* * * LOW HITPOINT WARNING * * *
You take 13 damage, and have 1/74 hp.
You feel much better.
The gargoyle hurls a stone arrow at you.
The stone arrow hits you!
* * * LOW HITPOINT WARNING * * *
You regained 9 hp, and now have 10/74 hp.
You feel very mighty all of a sudden. The gargoyle barely misses you.
The gargoyle hurls a stone arrow at you.
The stone arrow misses you.
You barely miss the gargoyle.
The gargoyle is heavily damaged.
The gargoyle barely misses you.
The gargoyle hurls a stone arrow at you.
The stone arrow misses you.
You hit the gargoyle but do no damage. Your bite misses the gargoyle.
The gargoyle is heavily damaged.
The gargoyle hurls a stone arrow at you.
The stone arrow misses you.
The gargoyle hurls a stone arrow at you.
The stone arrow misses you.
You hit the gargoyle.
The gargoyle is severely damaged.
The gargoyle misses you.
You sock the gargoyle!
You destroy the gargoyle!
Sif Muna accepts your kill.
You can now call upon Sif Muna for magical energy.
Your Spellcasting skill increases to level 9!
The gargoyle hits you with a mace!
You die...

#......### ##.####...#
####### #.........# ......#
##..####...# #####.# ##.#.##
#..#########
#.########.###.#
#.....9.....
#......(.##.#.##
############ #######....)9##
######## #..###@# #.......
#..# #)# #.######
#..###.#########.# #
#.....)..........# #
#.#.........###..# #
#...##...##......# #
######## ##.###8...8###....#
#
.^.....###..#8##...##[#..#.#
#
######.....###'.)...'###.#.#
#


You could see a gargoyle.

Vanquished Creatures
  Joseph (D:7)
  2 gargoyles (D:8)
  A troll (D:8)
  A hornet (D:8)
  A hungry ghost (D:7)
  Eustachio (D:6)
  Menkaure (D:7)
  Duvessa (D:6)
  2 sky beasts
  2 ice beasts (D:6)
  3 orc warriors
  A phantom (D:7)
  3 ogres
  2 centaurs (D:5)
  3 big kobolds
  Dowan (D:6)
  2 scorpions
  6 killer bees (D:8)
  3 wights (D:8)
  A howler monkey (D:7)
  3 crimson imps
  A bullfrog zombie (D:5)
  3 orc priests
  2 bullfrog skeletons
  4 hounds
  A centaur skeleton (D:4)
  2 iguanas
  5 orc wizards
  5 worker ants
  A hound zombie (D:8)
  2 hound skeletons
  5 gnolls
  8 adders
  A shadow imp (D:5)
  2 oozes
  An adder zombie (D:6)
  An adder skeleton (D:4)
  6 worms
  A dart slug (D:2)
  6 leopard geckos
  27 orcs
  5 ball pythons
  8 giant cockroaches
  6 hobgoblins
  5 jackals (D:2)
  25 kobolds
  3 quokkas
  10 bats
  5 frilled lizards
  8 goblins
  5 rats
  A bush (D:5)
206 creatures vanquished.

Notes
Turn   | Place    | Note
-------+----------+-------------------------------------------
     0 | D:1      | Monsterracer the Gnoll Wizard began the quest for the Orb.
     0 | D:1      | Reached XP level 1. HP: 13/13 MP: 8/8
    12 | D:1      | HP: 4/13 [gnoll/halberd (9)]
    13 | D:1      | Reached XP level 2. HP: 6/20 MP: 0/10
   318 | D:1      | Learned a level 2 spell: Blink
   619 | D:1      | Found a hide-covered altar of Uskayaw.
   901 | D:1      | Reached XP level 3. HP: 25/25 MP: 9/11
   907 | D:1      | Learned a level 3 spell: Conjure Flame
   911 | D:1      | Learned a level 3 spell: Mephitic Cloud
   945 | D:1      | HP: 12/25 [ooze (3)]
   953 | D:1      | HP: 10/25 [bat (1)]
  1297 | D:2      | Reached skill level 1 in Invocations
  1675 | D:2      | Reached skill level 1 in Fighting
  1675 | D:2      | Reached skill level 1 in Short Blades
  1675 | D:2      | Reached skill level 1 in Long Blades
  1675 | D:2      | Reached skill level 1 in Axes
  1675 | D:2      | Reached skill level 1 in Maces & Flails
  1675 | D:2      | Reached skill level 1 in Polearms
  1675 | D:2      | Reached skill level 1 in Staves
  1675 | D:2      | Reached skill level 1 in Slings
  1675 | D:2      | Reached skill level 1 in Bows
  1675 | D:2      | Reached skill level 1 in Crossbows
  1675 | D:2      | Reached skill level 1 in Throwing
  1675 | D:2      | Reached skill level 1 in Armour
  1675 | D:2      | Reached skill level 1 in Shields
  1675 | D:2      | Reached skill level 1 in Unarmed Combat
  1675 | D:2      | Reached skill level 1 in Evocations
  1675 | D:2      | Reached XP level 4. HP: 20/32 MP: 0/13
  1694 | D:2      | HP: 16/32 [poisoned by a worker ant]
  2117 | D:2      | Reached skill level 1 in Hexes
  2117 | D:2      | Reached skill level 1 in Charms
  2117 | D:2      | Reached skill level 1 in Necromancy
  2117 | D:2      | Reached skill level 1 in Transmutations
  2117 | D:2      | Reached skill level 1 in Fire Magic
  2117 | D:2      | Reached skill level 1 in Ice Magic
  2117 | D:2      | Reached skill level 1 in Air Magic
  2117 | D:2      | Reached skill level 1 in Earth Magic
  2117 | D:2      | Reached skill level 1 in Poison Magic
  2755 | D:3      | Reached XP level 5. HP: 37/37 MP: 12/14
  2877 | D:3      | HP: 16/37 [orc/mace (4)]
  3263 | D:3      | Found a hide-covered altar of Uskayaw.
  3759 | D:4      | Found a staircase to the Ecumenical Temple.
  3769 | Temple   | Entered the Ecumenical Temple
  3797 | Temple   | Became a worshipper of Sif Muna the Loreminder
  3889 | D:4      | HP: 17/37 [worker ant (7)]
  3892 | D:4      | HP: 7/37 [orc/hand axe (5)]
  3897 | D:4      | HP: 5/37 [orc/falchion (5)]
  4352 | D:4      | Reached XP level 6. HP: 35/44 MP: 4/16
  4439 | D:4      | Found a glowing drain.
  4466 | Sewer    | Entered a sewer
  4593 | Sewer    | HP: 18/44 [big kobold (6)]
  4600 | Sewer    | Reached skill level 5 in Dodging
  5073 | Sewer    | Reached * piety under Sif Muna
  5396 | D:4      | Reached XP level 7. HP: 39/50 MP: 16/18
  6224 | D:5      | Entered Level 5 of the Dungeon
  6555 | D:5      | Reached skill level 5 in Stealth
  6687 | D:5      | Found an opulent altar of Gozag.
  6789 | D:5      | Got a crude flail
  6797 | D:5      | Identified the +11 flail of Resourcefulness {venom, Dex+4} (You found it on level 5 of the Dungeon)
  7262 | D:5      | Reached XP level 8. HP: 47/57 MP: 19/19
  7339 | D:5      | Found Roadaczo's Armour Boutique.
  7347 | D:5      | Bought a +1 cloak of invisibility for 181 gold pieces
  7780 | D:5      | HP: 13/58 [orc warrior/battleaxe (21)]
  8313 | D:6      | Reached skill level 8 in Spellcasting
  8425 | D:6      | Noticed Duvessa
  8427 | D:6      | Noticed Dowan
  8439 | D:6      | Killed Duvessa
  8445 | D:6      | HP: 20/58 [orc warrior/battleaxe (16)]
  8450 | D:6      | HP: 20/59 [Dowan/dagger (3)]
  8453 | D:6      | Killed Dowan
  8555 | D:6      | Learned a level 3 spell: Portal Projectile
  8560 | D:6      | Learned a level 4 spell: Cause Fear
  8639 | D:6      | Reached XP level 9. HP: 65/65 MP: 21/21
  8643 | D:6      | Found a glowing silver altar of Zin.
  8695 | D:6      | Noticed Eustachio
  8711 | D:6      | Killed Eustachio
  9018 | D:6      | Found a shattered altar of Ashenzari.
  9097 | D:7      | Noticed Joseph
  9113 | D:7      | Killed Joseph
  9218 | D:7      | Found a sparkling altar of Nemelex Xobeh.
  9312 | D:7      | Found a white marble altar of Elyvilon.
  9537 | D:7      | Noticed Menkaure
  9540 | D:7      | Killed Menkaure
  9540 | D:7      | Reached ** piety under Sif Muna
  9636 | D:7      | Found a shadowy altar of Dithmenos.
  9807 | D:7      | Reached skill level 5 in Invocations
 10239 | D:8      | Found Inijin's Food Shop.
 10251 | D:8      | Found an ornate altar of the Wu Jian Council.
 10416 | D:8      | Noticed a troll
 10420 | D:8      | Killed a troll
 10420 | D:8      | Reached XP level 10. HP: 65/73 MP: 22/22
 10528 | D:8      | Learned a level 2 spell: Sticks to Snakes
 10565 | D:8      | Found a sparkling altar of Nemelex Xobeh.
 10602 | D:8      | Reached skill level 5 in Fighting
 10602 | D:8      | Reached skill level 5 in Short Blades
 10602 | D:8      | Reached skill level 5 in Long Blades
 10602 | D:8      | Reached skill level 5 in Axes
 10602 | D:8      | Reached skill level 5 in Maces & Flails
 10602 | D:8      | Reached skill level 5 in Polearms
 10602 | D:8      | Reached skill level 5 in Staves
 10602 | D:8      | Reached skill level 5 in Slings
 10602 | D:8      | Reached skill level 5 in Bows
 10602 | D:8      | Reached skill level 5 in Crossbows
 10602 | D:8      | Reached skill level 5 in Throwing
 10602 | D:8      | Reached skill level 5 in Armour
 10602 | D:8      | Reached skill level 5 in Shields
 10602 | D:8      | Reached skill level 5 in Unarmed Combat
 10602 | D:8      | Reached skill level 5 in Evocations
 10924 | D:8      | Found a stormy altar of Qazlal.
 10927 | D:8      | Found a glowing golden altar of the Shining One.
 11194 | D:8      | Noticed a gargoyle
 11200 | D:8      | Noticed a gargoyle
 11200 | D:8      | Noticed a gargoyle
 11211 | D:8      | HP: 34/74 [gargoyle/stone arrow (15)]
 11324 | D:8      | Noticed a gargoyle
 11332 | D:8      | Killed a gargoyle
 11400 | D:8      | HP: 32/74 [gargoyle/mace of protection (12)]
 11401 | D:8      | HP: 14/74 [gargoyle/stone arrow (18)]
 11406 | D:8      | HP: 14/74 [gargoyle/mace of protection (4)]
 11407 | D:8      | HP: 1/74 [gargoyle/mace of protection (14)]
 11413 | D:8      | Killed a gargoyle
 11413 | D:8      | Reached *** piety under Sif Muna
 11413 | D:8      | Reached skill level 9 in Spellcasting
 11413 | D:8      | Slain by a gargoyle

Skill      XL: |  1  2  3  4  5  6  7  8  9 10 |
---------------+-------------------------------+-----
Conjurations   | 2 3 4 |  4.8
Summonings     | 2 3 4 |  4.8
Translocations | 2 3 4 |  4.8
Invocations    | 1 2 3 4 5 |  5.7
Fighting       | 1 2 3 4 5 |  5.2
Short Blades   | 1 2 3 4 5 |  5.2
Long Blades    | 1 2 3 4 5 |  5.2
Axes           | 1 2 3 4 5 |  5.2
Maces & Flails | 1 2 3 4 5 |  5.2
Polearms       | 1 2 3 4 5 |  5.2
Staves         | 1 2 3 4 5 |  5.2
Slings         | 1 2 3 4 5 |  5.2
Bows           | 1 2 3 4 5 |  5.2
Crossbows      | 1 2 3 4 5 |  5.2
Throwing       | 1 2 3 4 5 |  5.2
Armour         | 1 2 3 4 5 |  5.2
Shields        | 1 2 3 4 5 |  5.2
Unarmed Combat | 1 2 3 4 5 |  5.2
Evocations     | 1 2 3 4 5 |  5.2
Hexes          | 1 2 3 4 |  4.3
Charms         | 1 2 3 4 |  4.3
Necromancy     | 1 2 3 4 |  4.3
Transmutations | 1 2 3 4 |  4.3
Fire Magic     | 1 2 3 4 |  4.3
Ice Magic      | 1 2 3 4 |  4.3
Air Magic      | 1 2 3 4 |  4.3
Earth Magic    | 1 2 3 4 |  4.3
Poison Magic   | 1 2 3 4 |  4.3
Dodging        | 5 6 7 |  7.0
Stealth        | 5 6 |  6.7
Spellcasting   | 8 9 |  9.0

Action                   |  1- 3 |  4- 6 |  7- 9 | 10-12 || total
-------------------------+-------+-------+-------+-------++-------
Melee: Halberd           |     3 |       |       |       ||     3
       Unarmed           |     3 |       |       |       ||     3
       Dagger            |     2 |       |       |       ||     2
       Flail             |       |    86 |   213 |    66 ||   365
       Short sword       |       |     5 |       |       ||     5
       Bite              |       |     3 |    32 |     4 ||    39
       Punch             |       |       |     3 |     1 ||     4
 Fire: Hunting sling     |     5 |    33 |    59 |       ||    97
 Cast: Magic Dart        |    84 |   150 |    63 |     2 ||   299
       Mephitic Cloud    |       |     7 |     7 |       ||    14
       Conjure Flame     |       |       |     7 |       ||     7
       Blink             |       |       |     1 |       ||     1
  Use: Scroll            |       |    13 |     3 |       ||    16
       Potion            |       |     1 |       |     2 ||     3
 Stab: Confused          |       |     2 |       |       ||     2
       Sleeping          |       |       |     5 |     3 ||     8
       Distracted        |       |       |     1 |       ||     1
  Eat: Chunk             |     2 |    12 |    12 |     3 ||    29
       Ration            |       |       |     1 |       ||     1
Armor: Robe              |    13 |     4 |       |       ||    17
       Ring mail         |       |    76 |    68 |     6 ||   150
Dodge: Dodged            |    27 |   144 |   113 |    56 ||   340

Vault maps used:
D:1:      grunt_arrival_crossed_arrows, solitary_fountain,
          kennysheep_flooded_box, minmay_vboxes
D:2:      first_ration, dk_noncrumbling_4, serial_park_tiny_2
D:3:      eat_drink_and_be_merry_uskayaw, st_stairs_8
D:4:      minmay_temple_entry_butterflies, cheibrodos_sewer_entry_bend
D:5:      lemuel_doored_altar, serial_shops, shop, kb_lookout_dungeons_type
D:6:      kennysheep_mini_moat, marbit_many_paths, uniq_duvessa, uniq_eustachio
D:7:      elyvilon_altar_4, kennysheep_little_box, grunt_dithmenos_shadows,
          uniq_menkaure, uniq_joseph
D:8:      cheibrodos_statue_roulette, minitemple, kennysheep_mini, serial_shops,
          shop, nemelex_spade_bored_becter
Temple:   minmay_temple_bridge_abc
Sewer:    kennysheep_pipe_town
